 Dungeon Crawl Stone Soup version 0.18-a0-801-gb01a236 (webtiles) character file.

123 Raultor the Skirmisher (level 5, 0/50 HPs)
             Began as a Naga Fighter on Dec 14, 2015.
             Slain by a gnoll
             ... wielding a +0 spear
              (5 damage)
             ... on level 3 of the Dungeon.
             The game lasted 00:05:49 (2034 turns).

Raultor the Skirmisher (Naga Fighter)               Turns: 2034, Time: 00:05:49

Health: 0/50       AC:  4    Str: 18    XL:     5   Next: 7%
Magic:  5/5        EV:  7    Int:  9    God:
Gold:   103        SH:  9    Dex: 11    Spells: 0 memorised, 4 levels left

rFire  . . .     SeeInvis +     a - +0 long sword
rCold  . . .     Clarity  .     h - +0 ring mail
rNeg   . . .     SustAt   .     c - +0 shield
rPois  +         Gourm    .     (no helmet)
rElec  .         Spirit   .     (no cloak)
rCorr  .         Dismiss  +     (no gloves)
rMut   .         Stasis   .     (no barding)
MR     .....                    k - amulet of dismissal
Stlth  +.........               (no ring)
                                (no ring)

@: short of breath, very slow, not resistant to hostile enchantments, very
unstealthy
A: see invisible, deformed body, poison resistance, slowness 2, slow metabolism
1, spit poison 2, AC +1
a: Spit Poison


You were on level 3 of the Dungeon.
You were not hungry.

You visited 1 branch of the dungeon, and saw 3 of its levels.

You collected 103 gold pieces.

Inventory:

Hand Weapons
 a - a +0 long sword (weapon)
Armour
 c - a +0 shield (worn)
 h - a +0 ring mail (worn)
   (You found it on level 1 of the Dungeon)
Jewellery
 k - an amulet of dismissal (around neck)
   (You found it on level 1 of the Dungeon)
Scrolls
 e - 2 scrolls of remove curse {unknown}
 g - a scroll of enchant weapon {unknown}
 i - 3 scrolls of identify {unknown}
 l - a scroll of random uselessness {unknown}
 o - a scroll of amnesia {unknown}
 q - 2 scrolls of teleportation {unknown}
 r - a scroll of fear {unknown}
Potions
 b - a potion of curing {unknown}
 d - 2 potions of might
Comestibles
 f - 2 bread rations {@e1}
 j - 4 fruits
 m - a slice of pizza
 n - a royal jelly
 p - a chunk of flesh {@w0}


   Skills:
 + Level 3.7 Fighting
 * Level 3.4 Long Blades
 - Level 2.4 Armour
 + Level 1.4 Dodging
 + Level 2.9 Shields


You had 4 spell levels left.
You didn't know any spells.

Dungeon Overview and Level Annotations

Branches:
Dungeon (3/15)

Altars:
Gozag
Kikubaaqudgha
Ru
Sif Muna


Innate Abilities, Weirdness & Mutations

You cannot wear boots.
Your serpentine skin is tough (AC +1).
You have supernaturally acute eyesight.
Armour fits poorly on your strangely shaped body.
Your system is resistant to poisons.
You cover ground very slowly.
You have a slow metabolism.
You can spit poison.


Message History

You slash the orc!
You kill the orc!
The quokka bites you. You block the quokka's attack.
Things that are here:
a short sword; a ring mail; an orc corpse You take 1 damage, and have 47/50 hp.
You hit the quokka but do no damage. The quokka bites you.
You take 2 damage, and have 45/50 hp.
You slash the quokka!
You kill the quokka!
No target in view!
A gnoll comes into view.
A gnoll is nearby!
The gnoll shouts!
A bat, a quokka and a gnoll come into view.
The gnoll hits you.
A gnoll comes into view. It is wielding a spear.
You take 4 damage, and have 43/50 hp.
The gnoll shouts!
The bat hits you but does no damage.
You hit the gnoll but do no damage. The gnoll hits you with a whip.
You block the quokka's attack.
A gnoll comes into view. It is wielding a whip.
You take 5 damage, and have 38/50 hp.
The gnoll shouts!
You hit the bat but do no damage. You block the bat's attack.
You block the quokka's attack. You block the gnoll's attack.
The quokka bites you but does no damage.
You slash the quokka!
You kill the quokka!
The bat barely misses you. The gnoll completely misses you.
An orc comes into view.
The bat hits you but does no damage. You block the bat's attack.
The bat closely misses you. The gnoll hits you but does no damage.
You block the bat's attack. You block the bat's attack. x2
The bat completely misses you.
The gnoll hits you from afar with a spear.
You take 4 damage, and have 35/50 hp.
The bat barely misses you. The bat closely misses you.
You block the bat's attack. The bat hits you but does no damage.
The bat hits you but does no damage. You block the gnoll's attack.
Things that are here:
a short sword; a ring mail; an orc corpse The bat hits you but does no damage.
The gnoll hits you with a whip!
You take 7 damage, and have 28/50 hp.
The bat hits you but does no damage. The bat barely misses you.
You block the bat's attack. The gnoll barely misses you.
The bat hits you but does no damage. You block the bat's attack.
There is an open door here.
The bat hits you but does no damage. You block the bat's attack.
You block the gnoll's attack. The gnoll closely misses you.
There is an open door here.
You barely miss the gnoll. The bat hits you but does no damage.
The gnoll completely misses you.
You barely miss the gnoll. You block the bat's attack.
You block the bat's attack. The gnoll hits you with a spear.
You take 2 damage, and have 28/50 hp.
You hit the gnoll but do no damage. You block the bat's attack.
The gnoll hits you with a spear. The gnoll hits you but does no damage.
You take 2 damage, and have 26/50 hp.
You barely miss the gnoll. The bat hits you but does no damage.
The gnoll barely misses you. The gnoll hits you with a whip.
You take 5 damage, and have 21/50 hp.
You slash the gnoll! The bat hits you but does no damage.
The gnoll hits you with a spear. The gnoll hits you with a whip.
* * * LOW HITPOINT WARNING * * *
You take 6 damage, and have 15/50 hp.
Your shield and ring mail prevent you from hitting the gnoll.
You block the bat's attack. You block the gnoll's attack.
You block the gnoll's attack. The gnoll barely misses you.
You hit the gnoll. You block the bat's attack. You block the gnoll's attack.
The gnoll hits you with a spear.
* * * LOW HITPOINT WARNING * * *
You block the gnoll's attack.
You take 6 damage, and have 10/50 hp.
You hit the gnoll. The bat hits you but does no damage.
The gnoll hits you with a spear.
* * * LOW HITPOINT WARNING * * *
The gnoll hits you but does no damage.
You take 1 damage, and have 9/50 hp.
You hit the gnoll but do no damage. The bat hits you.
* * * LOW HITPOINT WARNING * * *
You block the gnoll's attack. The gnoll hits you with a whip.
* * * LOW HITPOINT WARNING * * *
You take 4 damage, and have 5/50 hp.
You hit the gnoll. The bat hits you.
* * * LOW HITPOINT WARNING * * *
You block the gnoll's attack. x2
The gnoll barely misses you. The gnoll closely misses you.
Aim: a gnoll, wielding a spear (almost dead)
The splash of poison hits the gnoll.
The gnoll appears unharmed.
You feel slightly more hungry. The bat barely misses you.
The gnoll hits you with a spear.
You die...

..[...............#..##
.......................#
............†).#..#.##.#
...............#.......#
...............#...###.#
.................#.##...
#.................#..#
..
#....bg...._..##..#.†#
...
#####@##......###.)†..
#..######g##....g.#
#...#.
#.#....gg##......#
##....
#.......)##......# #..##
#.......##......# ##.#
#.......##......#####.#
#.......##....#.#.#.#.#
#?......##............#
##......##....#.#†#.#.#


You could see 4 gnolls and a bat.

Vanquished Creatures
  An orc wizard (D:2)
  3 adders (D:2)
  An ooze (D:2)
  A worm (D:2)
  An orc (D:3)
  A ball python (D:3)
  3 giant cockroaches
  5 hobgoblins
  9 jackals
  2 quokkas (D:3)
  6 bats
  2 giant geckos
  3 giant newts
  10 goblins
  9 kobolds
  6 rats
63 creatures vanquished.

Notes
Turn   | Place    | Note
--------------------------------------------------------------
     0 | D:1      | Raultor the Naga Fighter began the quest for the Orb.
     0 | D:1      | Reached XP level 1. HP: 21/21 MP: 1/1
    29 | D:1      | HP: 5/21 [jackal (1)]
    30 | D:1      | Reached XP level 2. HP: 6/28 MP: 2/2
   928 | D:2      | Reached XP level 3. HP: 30/34 MP: 3/3
   959 | D:2      | Found a sacrificial altar of Ru.
   961 | D:2      | Reached skill level 1 in Dodging
   997 | D:2      | Reached skill level 3 in Long Blades
  1108 | D:2      | Reached XP level 4. HP: 34/42 MP: 4/4
  1211 | D:2      | Found an ancient bone altar of Kikubaaqudgha.
  1293 | D:2      | Found a deep blue altar of Sif Muna.
  1938 | D:3      | Found an opulent altar of Gozag.
  1955 | D:3      | Reached XP level 5. HP: 50/50 MP: 5/5
  2030 | D:3      | HP: 10/50 [gnoll/spear (6)]
  2034 | D:3      | Slain by a gnoll

Vault maps used:
D:1:      eino_arrival_cavern_e
D:2:      led_sif_pool, kiku_gazebo_pond_becter,
          nicolae_ru_great_annihilating_truth
D:3:      yredelemnul_forgotten_temple_becter, nicolae_gozag_seed_capital,
          nemelex_deck, st_stairs_8, serial_bayou_lagoon_b

Action                   |  1- 3 |  4- 6 || total
-------------------------+-------+-------++-------
Melee: Long sword        |   105 |   106 ||   211
 Abil: Spit Poison       |     1 |     1 ||     2
 Stab: Paralysed         |     2 |       ||     2
       Invisible         |     1 |       ||     1
  Eat: Chunk             |       |     3 ||     3

Vault maps used:
D:1:      eino_arrival_cavern_e
D:2:      led_sif_pool, kiku_gazebo_pond_becter,
          nicolae_ru_great_annihilating_truth
D:3:      yredelemnul_forgotten_temple_becter, nicolae_gozag_seed_capital,
          nemelex_deck, st_stairs_8, serial_bayou_lagoon_b

Table legend:
 A = Turns spent in this place as a percentage of turns spent in the entire game.
 B = Non-inter-level travel turns spent in this place as a percentage of non-inter-level travel turns spent in the entire game.
 C = Inter-level travel turns spent in this place as a percentage of turns spent in this place.
 D = Turns resting spent in this place as a percentage of non-inter-level travel turns spent in this place.
 E = Turns spent auto-exploring this place as a percentage of non-inter-level travel turns spent in this place.
 F = Non-inter-level travel turns spent in this place divided by the number of levels of this place that you've seen.
                   A       B       C       D       E      F
               +-------+-------+-------+-------+-------+----------------------
         Total | 100.0 | 100.0 |   0.4 |   0.8 |  14.5 | 172.0
       Dungeon | 100.0 | 100.0 |   0.4 |   0.8 |  14.5 | 172.0
               +-------+-------+-------+-------+-------+----------------------

Table legend:
 A = Kills in this place as a percentage of kills in entire the game.
 B = Kills by you in this place as a percentage of kills by you in the entire game.
 C = Kills by friends in this place as a percentage of kills by friends in the entire game.
 D = Other kills in this place as a percentage of other kills in the entire game.
 E = Experience gained in this place as a percentage of experience gained in the entire game.
 F = Experience gained in this place divided by the number of levels of this place that you have seen.
                   A       B       C       D       E      F
               +-------+-------+-------+-------+-------+----------------------
         Total | 100.0 | 100.0 |  -nan |  -nan | 100.0 |  59.0
       Dungeon | 100.0 | 100.0 |  -nan |  -nan | 100.0 |  59.0
               +-------+-------+-------+-------+-------+----------------------
